 Dungeon Crawl Stone Soup version 0.29.1-4-g47bece8355 (webtiles) character file.

Game seed: 17279138209292463285

488 GigaChad the Covered (level 6, -1/53 HPs)
             Began as a Minotaur Fighter on Dec 5, 2022.
             Was an Initiate of Hepliaklqana.
             Slain by an orc wizard
             ... wielding a +0 dagger
              (3 damage)
             ... on level 4 of the Dungeon.
             The game lasted 00:04:47 (3115 turns).

GigaChad the Covered (Minotaur Fighter)             Turns: 3115, Time: 00:04:47

Health: -1/53      AC:  8    Str: 22    XL:     6   Next: 90%
Magic:  5/5        EV: 10    Int:  5    God:    Hepliaklqana [......]
Gold:   117        SH:  4    Dex: 10    Spells: 5/5 levels left

rFire   . . .      SeeInvis .   a - +0 war axe
rCold   . . .      Faith    .   c - +0 buckler
rNeg    . . .      Spirit   .   b - +0 scale mail
rPois   .          Reflect  .   (helmet restricted)
rElec   .          Harm     .   h - +0 cloak
rCorr   .          Rampage  .   (no gloves)
Will    .....                   (no boots)
Stlth   ..........              (no amulet)
HPRegen 0.17/turn               (no ring)
MPRegen 0.09/turn               (no ring)

@: no status effects
A: horns 2, retaliatory headbutt
a: Renounce Religion


You were on level 4 of the Dungeon.
You worshipped Hepliaklqana.
Hepliaklqana was noncommittal.
You visited 2 branches of the dungeon, and saw 5 of its levels.

You collected 117 gold pieces.

Inventory:

Hand Weapons
 a - a +0 war axe (weapon)
Armour
 b - a +0 scale mail (worn)
 c - a +0 buckler (worn)
 h - a +0 cloak (worn)
Jewellery
 g - an amulet of magic regeneration
 t - a ring of positive energy
Scrolls
 e - 3 scrolls of butterflies {unknown}
 f - a scroll of vulnerability {unknown}
 j - a scroll of noise {unknown}
 k - a scroll of acquirement {unknown}
 l - 3 scrolls of identify {unknown}
 m - 3 scrolls of summoning {unknown}
 o - a scroll of enchant armour {unknown}
 s - a scroll of magic mapping {unknown}
 w - a scroll of enchant weapon {unknown}
 x - a scroll of torment {unknown}
Potions
 d - 2 potions of might
 i - a potion of cancellation {unknown}
 n - a potion of haste {unknown}
 p - a potion of flight {unknown}
 q - 2 potions of curing {unknown}
 r - a potion of brilliance {unknown}
 u - a potion of degeneration {unknown}
 v - a potion of mutation {unknown}


   Skills:
 + Level 4.6 Fighting
 + Level 5.8 Axes
 + Level 6.1 Armour
 + Level 2.0 Dodging
 + Level 0.2 Stealth
 + Level 4.3 Shields


You had 5 spell levels left.
You didn't know any spells.
Your spell library contained the following spells:

 Spells                   Type           Power      Damage    Failure   Level
 Apportation              Tloc           0%         N/A       86%         1
 Necrotise                Necr           0%         1d4       86%         1
 Summon Small Mammal      Summ           0%         N/A       86%         1
 Blink                    Tloc           0%         N/A       95%         2
 Manifold Assault         Tloc           0%         N/A       100%        5
 Storm Form               Tmut/Air       0%         N/A       100%        7


Dungeon Overview and Level Annotations

Branches:
Dungeon (4/15)             Temple (1/1) D:4

Altars:
Ashenzari
Cheibriados
Fedhas
Hepliaklqana
Makhleb
Okawaru
Ru
Sif Muna
Uskayaw
Yredelemnul
Zin

Shops:
D:2 (


Innate Abilities, Weirdness & Mutations

You have a pair of horns on your head.
You reflexively headbutt those who attack you in melee.


Message History

The magic dart hits you.
You hear some strange, mumbled words.
A magic dart appears from out of thin air!
The magic dart hits you but does no damage.
The hound bites you.
You miss something. Your headbutt misses something.
You completely miss the hound. The hound barely misses you.
You hear some strange, mumbled words.
A puff of flame appears from out of thin air!
The puff of flame hits you.
You miss something. You hit the hound but do no damage.
The hound barely misses you. The hound misses you. You furiously retaliate!
You headbutt the hound.
You hear some strange, mumbled words.
A puff of flame appears from out of thin air!
The puff of flame hits you!
* * * LOW HITPOINT WARNING * * *
You barely miss something. You hit the hound. The hound bites you.
* * * LOW HITPOINT WARNING * * *
Something hits you but does no damage. The hound closely misses you.
You hit something. You closely miss the hound. The hound completely misses you.
You furiously retaliate!
You headbutt the hound!
You kill the hound!
Something hits you but does no damage. Something hits you.
* * * LOW HITPOINT WARNING * * *
Your Dodging skill increases to level 2!
You miss something. Something hits you but does no damage.
You miss something. Something hits you.
* * * LOW HITPOINT WARNING * * *
Unknown command.
You barely miss something.
You hear some strange, mumbled words.
A puff of flame appears from out of thin air!
The puff of flame hits you.
* * * LOW HITPOINT WARNING * * *
You closely miss something. Something hits you but does no damage.
Something hits you.
* * * LOW HITPOINT WARNING * * *
You miss something. Something hits you.
You die...

......).# #.........#
......### #.........#
...>.<######.........#
.....................#
.............?.......####
........)...............#
........................#
................).......#
..........).)..)@{......#
........?.$.†)#####.....#
############### .....#
.....# ....# ..... ...#


There were no monsters in sight!

Vanquished Creatures
  Grinder (D:3)
  2 scorpions
  A hound (D:4)
  An orc priest (D:4)
  An iguana (D:3)
  2 adders
  4 dart slugs
  10 orcs
  4 endoplasms
  3 giant cockroaches
  3 goblins (D:1)
  3 hobgoblins (D:2)
  6 jackals
  3 quokkas
  5 ball pythons
  8 bats
  2 frilled lizards (D:3)
  5 kobolds
  4 rats
68 creatures vanquished.

Notes
Turn   | Place    | Note
-------+----------+-------------------------------------------
     0 | D:1      | GigaChad the Minotaur Fighter began the quest for the Orb.
     0 | D:1      | Reached XP level 1. HP: 19/19 MP: 0/0
   235 | D:1      | Reached XP level 2. HP: 27/27 MP: 1/1
   236 | D:1      | Found a faded altar of an unknown god.
   542 | D:1      | Found Biudd's Jewellery Shop.
   704 | D:1      | Reached skill level 4 in Armour
  1070 | D:2      | Found Niacim's Antique Weapon Boutique.
  1477 | D:2      | Reached XP level 3. HP: 27/33 MP: 2/2
  1853 | D:3      | Found a sacrificial altar of Ru.
  2079 | D:3      | Noticed Grinder
  2080 | D:3      | Paralysed by Grinder for 2 turns
  2095 | D:3      | Paralysed by Grinder for 5 turns
  2118 | D:3      | Killed Grinder
  2119 | D:3      | Reached skill level 5 in Armour
  2119 | D:3      | Reached skill level 1 in Dodging
  2119 | D:3      | Reached XP level 4. HP: 21/41 MP: 3/3
  2119 | D:3      | Reached XP level 5. HP: 24/47 MP: 4/4
  2358 | D:3      | Reached XP level 6. HP: 45/53 MP: 5/5
  2418 | D:3      | Reached skill level 5 in Axes
  2811 | D:4      | Found a staircase to the Ecumenical Temple.
  2828 | Temple   | Entered the Ecumenical Temple
  3024 | Temple   | Became a worshipper of Hepliaklqana the Forgotten
  3080 | D:4      | Reached skill level 6 in Armour
  3113 | D:4      | HP: 2/53 [something/puff of flame (3)]
  3115 | D:4      | Slain by an orc wizard

Illustrated notes

Levels and vault maps discovered:
D:1:      lightli_arrival_maybe_door_vault, layout_loops_corners, serial_shops,
          shop, basic_ecumenical_altar
D:2:      layout_basic, serial_shops, nicolae_lakefront_shop
D:3:      layout_loops_ring, nicolae_ru_sacrificial_ziggurat, uniq_grinder
D:4:      cheibrodos_greedy_goblins, layout_basic, kiku_gazebo_garden_becter,
          general_overflow_altar, minmay_temple_entry_proselytizer
Temple:   compressed_dpeg_circular_temple

Skill      XL: |  1  2  3  4  5  6 |
---------------+-------------------+-----
Armour         | 4 5 6 |  6.1
Axes           | 3 4 5 |  5.8
Fighting       | 4 |  4.6
Dodging        | 1 2 |  2.0
Shields        | 4 |  4.3
Stealth        | |  0.2

Action                   |  1- 3 |  4- 6 || total
-------------------------+-------+-------++-------
Melee: War axe           |    72 |    47 ||   119
       Headbutt          |     6 |    11 ||    17
  Use: Scroll            |     1 |       ||     1
Armor: Scale mail        |    70 |    35 ||   105
Dodge: Dodged            |    63 |    40 ||   103
Block: Buckler           |    26 |    12 ||    38
